 Dungeon Crawl Stone Soup version 0.19.5 (webtiles) character file.

205170 MirrMurr the Imperceptible (level 18, -4/93 HPs)
             Began as a Spriggan Enchanter on Mar 24, 2017.
             Was the Champion of Dithmenos.
             Hit by a poisoned javelin thrown by a merfolk javelineer (12 damage)
             ... on level 4 of the Shoals on Mar 27, 2017.
             The game lasted 03:36:21 (51480 turns).

MirrMurr the Imperceptible (Spriggan Enchanter)    Turns: 51480, Time: 03:36:22

Health: -4/93      AC: 13    Str: 11    XL:     18   Next: 3%
Magic:  25/35      EV: 36    Int: 19    God:    Dithmenos [******]
Gold:   1230       SH: 12    Dex: 27    Spells: 9 memorised, 19 levels left

rFire  . . .     SeeInvis +     b - +1 rapier (elec)
rCold  + . .     Gourm    .     D - +3 mottled dragon scales
rNeg   + + +     Faith    .     U - +2 buckler
rPois  ∞         Spirit   .     E - +0 hat of Pantheism {rElec rC+}
rElec  +         Reflect  .     Y - +2 cloak {MR+}
rCorr  .         Harm     .     (gloves unavailable)
MR     +++++                    (boots unavailable)
Stlth  ++++++++++               (no amulet)
                                L - ring of poison resistance
                                s - ring "Mokui" {Str+3 Dex+7}

@: shadow-form, very slightly contaminated, wreathed by umbra, drained,
invisible, very quick
A: unfitting armour, see invisible, agile 1, herbivore 3, speed 3, slow
metabolism 2
a: End Transformation, Shadow Step, Shadow Form, Renounce Religion
}: 1/15 runes: gossamer


You were on level 4 of the Shoals.
You worshipped Dithmenos.
Dithmenos was exalted by your worship.
You were not hungry.
You were a swirling mass of dark shadows.
You visited 5 branches of the dungeon, and saw 31 of its levels.
You also visited: Labyrinth, Ossuary and Bailey.

You collected 3482 gold pieces.
You spent 2252 gold pieces at shops.

Inventory:

Hand Weapons
 a - the +6 dagger of World's End {pierce, Str+3}
   (You bought it in a shop on level 2 of the Orcish Mines)

   It inflicts extra damage upon your enemies.
   It affects your strength (+3).
 b - a +1 rapier of electrocution (weapon)
 w - a +0 blowgun
Missiles
 k - 11 throwing nets
 u - 30 tomahawks of returning (quivered)
 J - 23 curare-tipped needles
 N - 124 poisoned needles
Armour
 D - +3 mottled dragon scales (worn)
 E - the +0 hat of Pantheism (worn) {rElec rC+}
   (You found it in a labyrinth)

   It protects you from cold.
   It insulates you from electricity.
 U - a +2 buckler (worn)
 Y - a +2 cloak of magic resistance (worn)
Rods
 W - a +5 lightning rod (10/10)
   (You found it in a labyrinth)
Jewellery
 s - the ring "Mokui" (left hand) {Str+3 Dex+7}
   (You found it on level 6 of the Lair of Beasts)

   [ring of strength]

   It affects your strength (+3).
   It affects your dexterity (+7).
 A - an uncursed ring of wizardry
 C - an uncursed ring of protection from magic
 L - a ring of poison resistance (right hand)
Wands
 f - a wand of teleportation (2/9)
 G - a wand of digging (13/24)
 O - a wand of iceblast (4/15)
 Q - a wand of paralysis (7/24)
 T - a wand of lightning (6/15)
 V - a wand of acid (7/15)
Scrolls
 n - a scroll of summoning
 p - 3 scrolls of vulnerability
 r - 14 scrolls of remove curse
 t - a scroll of blinking
 y - 7 scrolls of fog
 z - a scroll of identify
 I - a scroll of enchant armour
 K - 11 scrolls of teleportation
 R - 2 scrolls of magic mapping
 X - 3 scrolls of recharging
Potions
 c - 2 potions of cancellation
 e - 6 potions of flight
 h - 4 potions of berserk rage
 j - 6 potions of might
 l - 11 potions of lignification
 m - 4 potions of agility
 o - 2 potions of haste
 q - 3 potions of cure mutation
 v - 3 potions of heal wounds
 x - 10 potions of curing
 F - 4 potions of ambrosia
 H - a potion of magic
 P - a potion of resistance
 S - 2 potions of brilliance
Comestibles
 d - 10 bread rations
 g - 44 fruits
 M - a royal jelly


   Skills:
 * Level 9.6(9.3) Fighting
 + Level 10.1(9.7) Short Blades
 - Level 5.6(5.3) Armour
 + Level 19.0(18.6) Dodging
 + Level 21.2(20.8) Stealth
 - Level 8.1(7.7) Shields
 - Level 12.2(11.9) Spellcasting
 - Level 15.0(14.6) Hexes
 - Level 6.5(6.2) Charms
 - Level 8.5(8.2) Translocations
 - Level 7.7(7.3) Evocations


You had 19 spell levels left.
You knew the following spells:

 Your Spells              Type           Power        Failure   Level  Hunger
a - Ensorcelled Hibernat  Hex/Ice        #.....       1%          2    None
b - Confuse               Hex            ###.....     1%          3    None
c - Tukima's Dance        Hex            ###.....     1%          3    None
d - Dazzling Spray        Conj/Hex       #.....       1%          3    None
p - Passage of Golubria   Tloc           N/A          3%          4    ##.....
r - Repel Missiles        Chrm/Air       #.....       4%          2    None
s - Shroud of Golubria    Chrm/Tloc      #.........   1%          2    None
B - Blink                 Tloc           N/A          1%          2    None
C - Corona                Hex            ###....      1%          1    None


Dungeon Overview and Level Annotations

Branches:
Dungeon (15/15)            Temple (0/1) D:7            Lair (6/6) D:9
 Shoals (4/4) Lair:2       Spider (4/4) Lair:3        Slime (0/5) Lair:6
    Orc (2/2) D:12            Elf (0/3) Orc:2        Vaults (0/5) D:14
 Depths (0/5) D:15

Altars:
Cheibriados
Dithmenos
Gozag
Nemelex Xobeh
Okawaru
Qazlal
Ru
Sif Muna
The Shining One
Jiyva

Shops:
D:4 *   D:6 [[   D:7 [   D:11 *   Orc:2 %?[(   Shoals:2 [

Portals:
Trove: D:11 (give 2 scrolls of acquirement)

Annotations:
Lair:2 exclusion: 2 oklob plants
Lair:3 exclusion: oklob plant
Lair:6 hellmouth, exclusion: 3 doors
Shoals:3 exclusion: upstairs
Shoals:4 Ilsuiw


Innate Abilities, Weirdness & Mutations

You are very small and have problems with some larger weapons.
You are too small for most types of armour.
You have supernaturally acute eyesight. (SInv)
You are a herbivore.
You cover ground extremely quickly.
You need consume almost no food.
You are agile. (Dex +2)


Message History

The poisoned javelin hits you!
You wake up.
* * * LOW HITPOINT WARNING * * *
Okay, then.
You fail to use your ability.
The merfolk javelineer throws a poisoned javelin.
The poisoned javelin barely misses you.
The merfolk javelineer throws a poisoned javelin.
The poisoned javelin barely misses you.
The poisoned javelin hits the plant!!
You turn into a swirling mass of dark shadows.
You feel drained.
You fade into the shadows.
The merfolk javelineer throws a poisoned javelin.
The poisoned javelin completely misses you.
The merfolk javelineer throws a poisoned javelin.
The poisoned javelin completely misses you.
The poisoned javelin hits the plant.
The plant is poisoned.
You hear a splash.
You fail to use your ability.
The merfolk javelineer throws a poisoned javelin.
The poisoned javelin hits you!!
You die...

≈≈≈≈.≈≈≈≈ ≈≈.≈≈≈≈≈≈ ≈..≈≈≈k≈≈≈
≈≈ #.≈≈≈≈≈≈ m≈≈ #..≈≈≈≈≈ ≈≈≈≈
#...≈≈≈ ≈ ≈≈≈≈≈. #.§m§
≈...#####Y≈≈≈≈..## #§§§
≈≈≈≈≈≈≈≈......W.m..≈≈≈...####§§
≈≈≈≈≈≈≈≈........Y....≈.....##§§
≈≈≈≈≈≈≈P....PP..m...........###
≈≈≈≈≈≈≈PP.P.............<......
≈≈≈≈≈≈≈P≈.m...........###......
≈≈≈≈≈≈≈P≈PP...........####.(...
≈≈≈≈≈≈≈≈≈PP.≈....m....#§§.§....
≈≈≈≈≈≈≈≈≈P≈...........#§§§.....
≈≈≈≈≈m≈≈≈≈........###§§§§§§....


You could see 2 merfolk impalers, 2 merfolk javelineers, a merfolk aquamancer
and 2 dream sheep.

Vanquished Creatures
  Nikola (Shoals:3)
  The ghost of Ponchio the Eclecticist, an adept DECj of Vehumet (Shoals:2)
  A kraken (Shoals:1)
  Frances (D:13)
  The ghost of Jerry the Executioner, an adept HOGl of Okawaru (Shoals:2)
  4 ghost moths
  7 entropy weavers
  The ghost of magipi the Carver, a journeyman DEBe of Trog (Shoals:3)
  4 spark wasps (Spider:4)
  2 dire elephants (Lair:6)
  Azrael (D:12)
  3 merfolk javelineers (Shoals:3)
  A minotaur (Lab)
  Snorg (Orc:2)
  An ettin (Orc:1)
  A merfolk impaler (Shoals:2)
  Josephine (D:13)
  A rakshasa (D:13)
  A vault guard (D:14)
  6 hydras
  2 merfolk avatars
  An alligator snapping turtle (Shoals:3)
  6 merfolk aquamancers
  3 death yaks (Lair:6)
  5 centaur warriors
  4 satyrs
  A death knight (D:12)
  The ghost of Ebilmort the Destroyer, a journeyman OpWz of Vehumet (Lair:1)
  Urug (D:10)
  3 orc high priests (Orc:2)
  The ghost of Jerry the Cleaver, a novice HOFi (D:7)
  Nergalle (Lair:1)
  A skeletal warrior (D:14)
  A sea snake (shapeshifter) (D:14)
  4 sea snakes
  A death drake (shapeshifter) (D:12)
  3 unseen horrors
  5 hill giants
  2 wizards
  11 harpies
  2 phantasmal warriors
  An oklob plant (Lair:1)
  6 orc knights
  16 orb spiders
  A salamander (D:15)
  3 deep elf magi
  6 ugly things
  3 orc sorcerers (Orc:2)
  29 wolf spiders
  12 manticores
  10 fauns
  5 cyclopes
  Maurice (D:9)
  5 sirens
  14 elephants
  3 black mambas
  3 moths of wrath
  A water nymph (Shoals:3)
  3 gargoyles
  10 spiny frogs
  The ghost of tschems the Chopper, a novice HuFi (D:4)
  3 torpor snails
  8 rime drakes
  2 kobold demonologists (D:12)
  A freezing wraith (D:14)
  7 komodo dragons
  An efreet (D:15)
  10 demonic crawlers
  A minotaur zombie (Lab)
  5 trolls
  A queen bee (Lair:1)
  50 jumping spiders
  3 wind drakes
  7 hornets
  25 merfolk
  A two-headed ogre (D:14)
  4 blink frogs (Lair:2)
  A minotaur skeleton (Lab)
  9 dream sheep
  16 hippogriffs
  3 snapping turtles
  29 tarantellas
  86 redbacks
  A shadow (Lab)
  8 wraiths
  3 vampires
  Sigmund (D:2)
  3 basilisks (Lair:4)
  8 wyverns
  55 yaks
  16 water elementals
  A fire elemental (D:12)
  3 hungry ghosts (Lab)
  2 mottled dragons
  3 wargs (Orc:1)
  20 water moccasins
  10 ice beasts
  3 porcupines (Lair:3)
  A swamp drake (Orc:1)
  23 orc warriors
  5 hell hounds
  A black bear (D:12)
  2 phantoms
  A sky beast (D:6)
  An eye of draining (D:14)
  8 ogres
  4 wolves (Lair:6)
  A necrophage (D:12)
  19 centaurs
  11 crocodiles
  3 big kobolds
  2 gnoll sergeants
  14 bullfrogs
  2 scorpions
  A wyvern skeleton (D:9)
  40 killer bees
  7 wights
  4 howler monkeys
  9 electric eels
  10 crimson imps
  2 quasits
  4 centaur zombies
  9 jellies
  2 bullfrog skeletons
  20 orc priests
  6 hounds
  A human zombie (Ossuary)
  4 iguanas
  An iron imp (Orc:1)
  4 centaur skeletons
  Jessica (D:1)
  A gnoll shaman (Orc:1)
  6 hell rats
  15 orc wizards
  Ijyb (D:2)
  17 worker ants
  A hound zombie (D:7)
  A hound skeleton (D:9)
  4 mummies (Ossuary)
  3 worker ant zombies
  32 gnolls
  9 adders
  4 shadow imps
  A white imp (Orc:1)
  2 oozes
  2 adder zombies
  2 adder skeletons
  2 worms
  3 dart slugs
  10 leopard geckos
  75 orcs
  2 giant cockroaches
  A gnoll zombie (Ossuary)
  A goblin (shapeshifter) (D:15)
  9 goblins
  10 hobgoblins
  11 jackals
  57 kobolds
  A quokka (D:2)
  2 ball pythons
  7 bats
  3 frilled lizards
  2 goblin zombies (Ossuary)
  3 kobold zombies (Ossuary)
  A leopard gecko zombie (D:8)
  A quokka zombie (D:7)
  5 rats
  A plant (Shoals:1)
1173 creatures vanquished.

Vanquished Creatures (collateral kills)
  2 hill giants
  2 orc knights (Orc:2)
  An orc warrior (Orc:1)
  4 wights
  An orc (Orc:2)
10 creatures vanquished.

Vanquished Creatures (others)
  2 hill giants (D:13)
  A centaur skeleton (D:13)
  An orc warrior (D:13)
  A bullfrog (Lair:5)
  A scorpion (D:13)
  2 wights (D:13)
  A bullfrog skeleton (D:13)
  2 orc wizards
  3 orcs (D:13)
  3 fungi
  4 plants
21 creatures vanquished.

Grand Total: 1204 creatures vanquished

Notes
Turn   | Place    | Note
-------+----------+-------------------------------------------
     0 | D:1      | MirrMurr the Spriggan Enchanter began the quest for the Orb.
     0 | D:1      | Reached XP level 1. HP: 9/9 MP: 5/5
   701 | D:1      | Reached XP level 2. HP: 13/13 MP: 7/7
   717 | D:1      | Learned a level 2 spell: Ensorcelled Hibernation
  1943 | D:2      | Reached XP level 3. HP: 11/16 MP: 9/9
  1949 | D:2      | Learned a level 3 spell: Confuse
  1953 | D:2      | Learned a level 3 spell: Tukima's Dance
  2123 | D:2      | Noticed Sigmund
  2360 | D:2      | Noticed Jessica
  2480 | D:1      | Killed Jessica
  2821 | D:2      | Noticed Ijyb
  2828 | D:2      | Killed Ijyb
  2828 | D:2      | Reached XP level 4. HP: 21/21 MP: 11/11
  2864 | D:2      | Reached skill level 5 in Stealth
  3049 | D:2      | Found a stormy altar of Qazlal.
  3050 | D:2      | Noticed an earth elemental
  3063 | D:2      | Noticed a fire elemental
  3063 | D:2      | Noticed an air elemental
  3063 | D:2      | Noticed a water elemental
  3143 | D:2      | Killed Sigmund
  3143 | D:2      | Reached skill level 6 in Stealth
  3143 | D:2      | Reached skill level 5 in Spellcasting
  3143 | D:2      | Reached skill level 5 in Hexes
  3143 | D:2      | Reached XP level 5. HP: 13/24 MP: 9/14
  3679 | D:3      | Reached XP level 6. HP: 28/28 MP: 15/15
  3776 | D:3      | Found a faded altar of an unknown god.
  4093 | D:3      | Found a sacrificial altar of Ru.
  4520 | D:4      | Noticed tschems's ghost (novice HuFi)
  4658 | D:4      | Found Feutann's Assorted Antiques.
  4670 | D:4      | Bought a scroll of identify for 46 gold pieces
  4670 | D:4      | Bought a scroll of identify for 46 gold pieces
  4670 | D:4      | Bought a scroll of identify for 46 gold pieces
  4670 | D:4      | Bought an emerald ring for 115 gold pieces
  4670 | D:4      | Bought a scroll labeled SENIZI NAEJ for 23 gold pieces
  4695 | D:4      | Found a shadowy altar of Dithmenos.
  4703 | D:4      | Became a worshipper of Dithmenos the Shadowed
  4712 | D:4      | Learned a level 3 spell: Dazzling Spray
  5119 | D:5      | Entered Level 5 of the Dungeon
  5340 | D:5      | Reached skill level 7 in Stealth
  5340 | D:5      | Reached XP level 7. HP: 23/32 MP: 14/18
  6071 | D:5      | Reached * piety under Dithmenos
  6071 | D:5      | Reached skill level 8 in Stealth
  6350 | D:5      | Reached XP level 8. HP: 34/36 MP: 17/21
  6497 | D:6      | Identified a -3 rod of shadows (11/11) (You found it on level 3 of the Dungeon)
  6561 | D:6      | Found Baakhlesu's Antique Armour Emporium.
  6962 | D:6      | Found Cuhoz's Armour Shop.
  7050 | D:6      | Found a snail-covered altar of Cheibriados.
  7270 | D:6      | Reached skill level 9 in Stealth
  7910 | D:7      | Got a crystal scimitar
  7960 | D:7      | Noticed a hippogriff
  7963 | D:7      | Killed a hippogriff
  7963 | D:7      | Reached skill level 10 in Spellcasting
  7963 | D:7      | Reached XP level 9. HP: 39/39 MP: 22/24
  8017 | D:7      | Found a deep blue altar of Sif Muna.
  8047 | D:7      | Found a sand-covered staircase.
  8073 | D:7      | Identified the +3 scimitar "Povigg" {freeze, +Blink} (You found it on level 7 of the Dungeon)
  8109 | Ossuary  | Entered an ossuary
  8425 | Ossuary  | Reached ** piety under Dithmenos
  8477 | D:7      | Noticed Jerry's ghost (novice HOFi)
  8482 | D:7      | Found a staircase to the Ecumenical Temple.
  8515 | D:7      | Killed Jerry's ghost
  8515 | D:7      | Reached skill level 10 in Stealth
  8804 | D:7      | Found Wuomup Mung's Armour Boutique.
  8810 | D:7      | Bought a +0 cloak for 67 gold pieces
  8873 | D:7      | Reached skill level 5 in Dodging
  9689 | D:7      | Found a sparkling altar of Nemelex Xobeh.
  9689 | D:7      | Found an opulent altar of Gozag.
  9795 | D:8      | Reached skill level 11 in Stealth
 10151 | D:8      | Reached *** piety under Dithmenos
 10415 | D:8      | Reached XP level 10. HP: 44/44 MP: 8/25
 10798 | D:8      | Found an iron altar of Okawaru.
 10962 | D:9      | Found a glowing golden altar of the Shining One.
 11230 | D:9      | Reached skill level 1 in Evocations
 11239 | D:9      | Reached skill level 10 in Hexes
 11244 | D:9      | Noticed Maurice
 11429 | D:9      | Killed Maurice
 11429 | D:9      | Reached skill level 12 in Stealth
 11488 | D:9      | Found a staircase to the Lair.
 11516 | D:9      | Reached skill level 5 in Short Blades
 11850 | D:9      | Got a transparent trident
 11853 | D:9      | Identified the cursed +2 trident of Excruciating Pain {freeze, -Tele rC++} (You found it on level 9 of the Dungeon)
 12140 | D:10     | Entered Level 10 of the Dungeon
 12177 | D:9      | Reached **** piety under Dithmenos
 12428 | D:10     | Noticed a white ugly thing
 12431 | D:10     | Noticed an unseen horror
 12441 | D:10     | Killed an unseen horror
 12557 | D:10     | Noticed Urug
 12572 | D:10     | Killed Urug
 12572 | D:10     | Reached skill level 5 in Evocations
 12585 | D:10     | @> yesthankyourpois
 12747 | D:10     | Killed a white ugly thing
 12747 | D:10     | Reached XP level 11. HP: 47/47 MP: 20/26
 12959 | D:10     | Noticed a hill giant
 12976 | D:10     | Killed a hill giant
 12976 | D:10     | Reached skill level 13 in Stealth
 13590 | D:11     | Found Ahoom's Assorted Antiques.
 13596 | D:11     | Bought a scroll labeled KUILOTUUDO for 28 gold pieces
 13596 | D:11     | Bought a purple potion for 25 gold pieces
 13598 | D:11     | Gained mutation: You are agile. (Dex +2) [potion of beneficial mutation]
 14031 | D:11     | Found a portal to a secret trove of treasure.
 14636 | D:11     | Reached ***** piety under Dithmenos
 14640 | D:11     | Reached skill level 10 in Dodging
 14860 | Lair:1   | Entered Level 1 of the Lair of Beasts
 14860 | Lair:1   | Noticed an oklob plant
 15046 | Lair:1   | Noticed Ebilmort's ghost (journeyman OpWz)
 15071 | Lair:1   | Reached skill level 1 in Armour
 15078 | Lair:1   | Killed Ebilmort's ghost
 15078 | Lair:1   | Reached skill level 14 in Stealth
 15295 | Lair:1   | Noticed Nergalle
 15305 | Lair:1   | Killed Nergalle
 15404 | Lair:1   | Reached XP level 12. HP: 51/51 MP: 27/27
 17594 | Lair:2   | @> wtf oklobs
 18004 | Lair:2   | Found a staircase to the Shoals.
 18548 | Lair:3   | Reached skill level 15 in Stealth
 18979 | Lair:3   | Found a hole to the Spider Nest.
 19926 | Lair:4   | Noticed a four-headed hydra
 20114 | Lair:4   | Reached XP level 13. HP: 55/55 MP: 15/28
 21066 | Lair:5   | Reached skill level 16 in Stealth
 21278 | Lair:5   | Reached skill level 10 in Short Blades
 21781 | Lair:5   | Reached skill level 1 in Shields
 21932 | Lair:5   | Reached skill level 5 in Armour
 22077 | Lair:6   | Entered Level 6 of the Lair of Beasts
 22083 | Lair:6   | Found a labyrinth entrance.
 22134 | Lair:6   | Learned a level 2 spell: Blink
 22137 | Lair:6   | Learned a level 2 spell: Repel Missiles
 22144 | Lab      | Entered a labyrinth
 22493 | Lab      | @> LOL minivault w/ minotaur skeleton
 22549 | Lab      | Noticed a minotaur
 22551 | Lab      | Killed a minotaur
 22692 | Lab      | Got a jewelled hat
 22698 | Lab      | Identified the cursed +0 hat of Pantheism {rElec rC+} (You found it in a labyrinth)
 22698 | Lab      | @> coll i guess
 22698 | Lab      | @> *cool
 22713 | Lab      | Got a sparkling silver ring
 22723 | Lab      | Identified the ring of Ashenzari's Reproof {rC+ Str+5} (You found it in a labyrinth)
 22976 | Lair:6   | Got a heavily runed jade ring
 22978 | Lair:6   | Identified the ring "Mokui" {Str+3 Dex+7} (You found it on level 6 of the Lair of Beasts)
 23070 | Lair:6   | Found a runed door.
 23170 | Lair:6   | Found a viscous altar of Jiyva.
 23740 | Lair:6   | Reached ****** piety under Dithmenos
 23748 | Lair:6   | Noticed a dire elephant
 23754 | Lair:6   | Killed a dire elephant
 23754 | Lair:6   | Reached XP level 14. HP: 59/59 MP: 24/29
 23952 | Lair:6   | Found a staircase to the Slime Pits.
 24362 | D:12     | Found a staircase to the Orcish Mines.
 24489 | D:12     | Reached skill level 17 in Stealth
 24683 | D:12     | Noticed Azrael
 25556 | D:12     | Killed Azrael
 25720 | D:13     | Reached skill level 5 in Shields
 25736 | D:13     | Noticed Frances
 25738 | D:13     | Killed Frances
 26184 | Orc:1    | Entered Level 1 of the Orcish Mines
 26318 | Orc:2    | Entered Level 2 of the Orcish Mines
 26414 | Orc:1    | Found a flagged portal.
 26488 | Bailey   | Entered a bailey
 30349 | D:14     | Noticed Josephine
 31256 | D:13     | Killed Josephine
 31304 | D:14     | Learned a level 2 spell: Shroud of Golubria
 31309 | D:14     | Learned a level 4 spell: Passage of Golubria
 31521 | D:14     | Reached skill level 15 in Dodging
 31785 | D:14     | Reached XP level 15. HP: 63/63 MP: 27/30
 31802 | D:14     | Reached skill level 18 in Stealth
 31833 | D:14     | HP: 3/63 [shock serpent (shapeshifter)/bolt of electricity (23)]
 32494 | D:14     | Found a gate to the Vaults.
 32542 | D:15     | Entered Level 15 of the Dungeon
 33455 | D:15     | Found a staircase to the Depths.
 34566 | Orc:1    | Reached skill level 15 in Hexes
 34829 | Orc:2    | Noticed Snorg
 34831 | Orc:2    | Killed Snorg
 34940 | Orc:2    | Found a staircase to the Elven Halls.
 35384 | Orc:2    | Reached skill level 1 in Charms
 35853 | Orc:2    | Reached skill level 1 in Translocations
 36109 | Orc:2    | Found Buuseid's Antique Weapon Shoppe.
 36109 | Orc:2    | Found Geonemor's Food Shop.
 36362 | Orc:2    | Found Tiret's Antique Armour Shoppe.
 36362 | Orc:2    | Found Ikasm's Magic Scroll Shop.
 36368 | Orc:2    | Bought a brightly glowing dagger for 203 gold pieces
 36368 | Orc:2    | Identified the +6 dagger of World's End {pierce, Str+3} (You bought it in a shop on level 2 of the Orcish Mines)
 36373 | Orc:2    | Bought a scroll of acquirement for 780 gold pieces
 36373 | Orc:2    | Bought a scroll of fog for 30 gold pieces
 36373 | Orc:2    | Bought a scroll of teleportation for 45 gold pieces
 36812 | Spider:1 | Entered Level 1 of the Spider Nest
 36875 | Spider:1 | Reached skill level 5 in Translocations
 37041 | Spider:1 | Reached skill level 5 in Charms
 37802 | Spider:2 | Identified the Tome of Mutagenic Toxins
 37988 | Spider:2 | Reached skill level 1 in Fighting
 38210 | Spider:1 | Reached skill level 19 in Stealth
 38210 | Spider:1 | Reached XP level 16. HP: 34/69 MP: 26/31
 41113 | Spider:3 | Paralysed by a hornet for 1 turns
 41467 | Spider:3 | Reached skill level 5 in Fighting
 41900 | Spider:4 | Entered Level 4 of the Spider Nest
 42855 | Spider:4 | Reached skill level 20 in Stealth
 43629 | Spider:4 | Reached XP level 17. HP: 73/83 MP: 10/34
 44492 | Spider:4 | Got a gossamer rune of Zot
 44875 | D:4      | Killed tschems's ghost
 45763 | Shoals:1 | Entered Level 1 of the Shoals
 45988 | Shoals:1 | Noticed a kraken
 45992 | Shoals:1 | Killed a kraken
 46528 | Shoals:2 | Noticed Ponchio's ghost (adept DECj)
 46535 | Shoals:2 | Killed Ponchio's ghost
 47086 | Shoals:2 | Noticed Jerry's ghost (adept HOGl)
 47108 | Shoals:2 | Killed Jerry's ghost
 47518 | Shoals:3 | Noticed magipi's ghost (journeyman DEBe)
 47519 | Shoals:3 | Noticed Nikola
 48011 | Shoals:2 | Found Xistroath's Antique Armour Shoppe.
 48046 | Shoals:2 | Bought a shiny buckler for 399 gold pieces
 48046 | Shoals:2 | Bought a runed cloak for 399 gold pieces
 49171 | Shoals:3 | Killed magipi's ghost
 49182 | Shoals:3 | @> fratricide FTW
 49462 | Shoals:3 | Reached skill level 21 in Stealth
 49848 | Shoals:3 | Killed Nikola
 50025 | Shoals:4 | Entered Level 4 of the Shoals
 50852 | Shoals:3 | Reached XP level 18. HP: 76/93 MP: 32/35
 51469 | Shoals:4 | Noticed Ilsuiw
 51480 | Shoals:4 | Hit by a poisoned javelin thrown by a merfolk javelineer

Skill      XL: |  1  2  3  4  5  6  7  8  9 10 11 12 13 14 15 16 17 |
---------------+----------------------------------------------------+-----
Spellcasting   | 3 4 5 6 8 10 12 | 12.2
Hexes          | 4 5 7 8 9 10 11 12 13 14 15 | 15.0
Stealth        | 6 7 8 9 11 12 14 15 16 17 19 20 21 | 21.2
Short Blades   | 4 5 7 9 10 | 10.1
Dodging        | 6 8 10 12 13 15 16 17 19 | 19.0
Evocations     | 5 7 |  7.7
Armour         | 1 4 5 |  5.6
Shields        | 3 7 8 |  8.1
Charms         | 6 |  6.5
Translocations | 6 8 |  8.5
Fighting       | 1 6 9 |  9.6

Action                   |  1- 3 |  4- 6 |  7- 9 | 10-12 | 13-15 | 16-18 || total
-------------------------+-------+-------+-------+-------+-------+-------++-------
Melee: Dagger            |   145 |   186 |   311 |   457 |  1057 |   581 ||  2737
       Rapier            |       |       |       |       |       |    69 ||    69
 Fire: Blowgun           |       |       |       |       |       |    14 ||    14
Throw: Stone             |     3 |       |       |       |       |       ||     3
       Tomahawk          |       |       |       |     4 |       |       ||     4
       Throwing net      |       |       |       |       |       |     1 ||     1
 Cast: Ensorcelled Hiber |    15 |    22 |    63 |   197 |   351 |   261 ||   909
       Corona            |     1 |       |       |       |       |       ||     1
       Confuse           |     1 |    12 |    30 |    38 |   182 |    93 ||   356
       Dazzling Spray    |       |       |    14 |    34 |    96 |   121 ||   265
       Tukima's Dance    |       |       |       |     9 |    27 |       ||    36
       Shroud of Golubri |       |       |       |       |     1 |     2 ||     3
Invok: Shadow Step       |       |       |       |     2 |     8 |     5 ||    15
       Shadow Form       |       |       |       |       |       |     1 ||     1
Evoke: Wand              |       |       |       |     3 |     1 |       ||     4
  Use: Scroll            |     3 |     9 |    12 |    15 |    15 |    12 ||    66
       Potion            |       |       |       |     2 |     2 |     1 ||     5
 Stab: Sleeping          |     9 |    23 |    68 |   139 |   280 |   219 ||   738
       Confused          |       |     5 |    31 |    30 |    89 |    39 ||   194
       Distracted        |       |       |     1 |     2 |     8 |     4 ||    15
       Invisible         |       |       |     4 |    11 |    13 |    17 ||    45
  Eat: Bread ration      |     1 |       |     1 |       |       |       ||     2
       Fruit             |       |       |     3 |       |       |       ||     3
       Royal jelly       |       |       |       |     4 |     8 |     4 ||    16
       Pizza             |       |       |       |     1 |       |       ||     1
Armor: Robe              |    15 |    28 |    15 |    13 |       |       ||    71
       Mottled dragon sc |       |       |       |    34 |    69 |    47 ||   150
Dodge: Dodged            |    84 |   135 |   194 |   410 |   693 |   730 ||  2246
Block: Buckler           |       |       |       |       |   314 |   407 ||   721
